 Dungeon Crawl Stone Soup version 0.31.0-11-ge490571c62 (webtiles) character file.

Game seed: 10841504135408648335

275 qw the Skirmisher (level 6, -2/35 HPs)
             Began as a Deep Elf Hunter on Feb 4, 2024.
             Incinerated by a bombardier beetle (4 damage)
             ... with a burning spray
             ... on level 4 of the Dungeon.
             The game lasted 00:00:10 (2650 turns).

qw the Skirmisher (Deep Elf Hunter)                 Turns: 2650, Time: 00:00:10

Health: -2/35      AC:  7    Str: 10    XL:     6   Next: 3%
Magic:  8/8        EV: 11    Int: 14    God:
Gold:   219        SH:  0    Dex: 18    Spells: 5/5 levels left

rFire   . . .        a - +0 shortbow
rCold   . . .        (shield currently unavailable)
rNeg    . . .        f - +0 ring mail
rPois   +            (no helmet)
rElec   .            m - +0 cloak
rCorr   .            (no gloves)
SInv    .            g - +0 pair of boots
Will    .....        (no amulet)
Stlth   +            d - ring of poison resistance
HPRegen 0.25/turn    (no ring)
MPRegen 0.11/turn

%: no passive effects
@: on fire, glowing
A: no striking features
a: no special abilities


You were on level 4 of the Dungeon.
You visited 1 branch of the dungeon, and saw 4 of its levels.

You collected 219 gold pieces.


   Skills:
 - Level 2.0 Fighting
 + Level 9.2 Ranged Weapons
 - Level 1.0 Armour
 - Level 2.4 Dodging
 - Level 1.2 Stealth


You had 5 spell levels left.
You didn't know any spells.
Your spell library was empty.

Inventory:

Hand Weapons
 a - a +0 shortbow (weapon)
Armour
 f - a +0 ring mail (worn)
 g - a +0 pair of boots (worn)
 m - a +0 cloak (worn)
Jewellery
 d - a ring of poison resistance (left hand)
 h - a ring of fire
Wands
 j - a wand of polymorph (7)
Scrolls
 i - a scroll of teleportation
Potions
 b - a potion of cancellation
 c - a potion of heal wounds
 e - a potion of resistance
 k - a potion of lignification {unknown}
 l - 3 potions of curing
 n - a potion of enlightenment {unknown}
 p - a potion of haste {unknown}

Dungeon Overview and Level Annotations

Branches:
Dungeon (4/15)
 Temple: D:4-7

Altars:


Message History

The bombardier beetle is severely wounded.
You shoot an arrow.
The arrow hits the bombardier beetle but does no damage.
The bombardier beetle is severely wounded.
The bombardier beetle sprays incendiary fluid at you.
The burning spray misses you.
You shoot an arrow. The arrow hits the bombardier beetle.
The bombardier beetle is almost dead.
You shoot an arrow. The arrow hits the endoplasm!
You kill the endoplasm!
The bombardier beetle sprays incendiary fluid at you.
The burning spray hits you.
You are covered in liquid fire!
You shoot an arrow. The arrow hits the bombardier beetle.
The bombardier beetle is almost dead.
The liquid fire burns you!
The bombardier beetle sprays incendiary fluid at you.
The burning spray hits you.
You are even more covered in liquid fire!
You shoot an arrow. The arrow hits the bombardier beetle.
You kill the bombardier beetle!
The liquid fire burns you!
You have reached level 6!
You are on fire!
The liquid fire burns you!
You are on fire!
The liquid fire burns you!
You are on fire!
The liquid fire burns you!
You are on fire!
The liquid fire burns you!
You are on fire!
The liquid fire burns you!
You are on fire!
The liquid fire burns you!
You are on fire!
The liquid fire burns you!
You are on fire!
The liquid fire burns you!
You die...

####.###
#..##..... #~#.#~#
###....#
##.#.#~###....##
.lb#.#P~P##.#..#
####.######.##.###
............##...#
####.###########%#
~.~#.#~~l#
#.#######
##.#.#~###
#@....... #~#.#~#
#.............#
#~#.#~#
##.........>...
#.#.#~#
#..............
#.###.#
#..............
#~....#
#..............
#######
#..............
#..............


There were no monsters in sight!

Vanquished Creatures
  An ogre (D:3)
  2 bombardier beetles
  A sleepcap (D:4)
  2 adders
  3 ribbon worms
  2 dart slugs (D:2)
  6 orcs
  8 bats
  6 endoplasms
  4 giant cockroaches
  5 goblins
  5 hobgoblins
  2 jackals (D:3)
  4 quokkas
  3 ball pythons
  6 frilled lizards
  6 kobolds
  3 rats
69 creatures vanquished.

Notes
Turn   | Place    | Note
-------+----------+-------------------------------------------
     0 | D:1      | qw the Deep Elf Hunter began the quest for the Orb.
     0 | D:1      | Reached XP level 1. HP: 12/12 MP: 3/3
     0 | D:1      | 0 ||| qw: Version: 0.3-a-160-g6735b56
     0 | D:1      | 0 ||| qw: Game counter: 4783
     0 | D:1      | 0 ||| qw: Melee chars always use a shield: true
     0 | D:1      | 0 ||| qw: God list: Okawaru
     0 | D:1      | 0 ||| qw: Allow faded altars: false
     0 | D:1      | 0 ||| qw: Do Orc after clearing Dungeon:15 true
     0 | D:1      | 0 ||| qw: Do second Lair branch before Depths: true
     0 | D:1      | 0 ||| qw: Lair rune preference: random
     0 | D:1      | 0 ||| qw: Goals: Normal
     0 | D:1      | 0 ||| PLANNING D:1-11
   356 | D:1      | Reached skill level 6 in Ranged Weapons
   356 | D:1      | Reached XP level 2. HP: 16/16 MP: 4/4
   409 | D:1      | 409 ||| RETREEEEATING.
   410 | D:1      | 410 ||| RETREEEEATING.
   687 | D:1      | 687 ||| UPGRADING to +0 ring mail.
   697 | D:1      | 697 ||| DROPPING +0 leather armour.
   698 | D:1      | 698 ||| UPGRADING to +0 pair of boots.
   703 | D:1      | 703 ||| UPGRADING to ring of poison resistance.
   704 | D:1      | 704 ||| READING scroll labelled VIROEX VUISH.
   705 | D:1      | 705 ||| READING scroll labelled ROYLAUH WIRU.
   706 | D:1      | 706 ||| READING scroll labelled OMUCOO BOCELL.
   709 | D:1      | 709 ||| DROPPING scroll of butterflies.
   772 | D:2      | Reached XP level 3. HP: 20/20 MP: 5/5
  1000 | D:2      | Reached skill level 7 in Ranged Weapons
  1315 | D:2      | 1315 ||| UPGRADING to +0 cloak.
  1320 | D:2      | 1320 ||| READING 3 scrolls labelled SAF NAB JICKYFEI.
  1320 | D:2      | 1320 ||| IDENTIFYING black potion
  1321 | D:2      | 1321 ||| READING 2 scrolls of identify.
  1321 | D:2      | 1321 ||| IDENTIFYING fuming pink potion
  1322 | D:2      | 1322 ||| READING scroll of identify.
  1322 | D:2      | 1322 ||| IDENTIFYING orange potion
  1323 | D:2      | 1323 ||| DRINKING 2 bubbling green potions.
  1324 | D:2      | 1324 ||| DROPPING potion of attraction.
  1382 | D:3      | Reached XP level 4. HP: 25/25 MP: 6/6
  1553 | D:3      | Reached skill level 8 in Ranged Weapons
  1766 | D:3      | Noticed an ogre
  1772 | D:3      | Killed an ogre
  1773 | D:3      | Reached skill level 9 in Ranged Weapons
  1773 | D:3      | Reached XP level 5. HP: 29/29 MP: 7/7
  2221 | D:3      | 2221 ||| READING scroll of identify.
  2221 | D:3      | 2221 ||| IDENTIFYING smoky coppery potion
  2222 | D:3      | 2222 ||| READING 2 scrolls labelled NITHOA JAIM.
  2223 | D:3      | 2223 ||| READING 2 scrolls labelled YSY HID USO.
  2224 | D:3      | 2224 ||| READING scroll labelled DEEF XUGOSALIL.
  2225 | D:3      | 2225 ||| READING scroll labelled SOSHICI TUOXE.
  2326 | D:3      | 2326 ||| DRINKING 3 dark potions.
  2327 | D:3      | 2327 ||| DROPPING potion of magic.
  2328 | D:3      | 2328 ||| DROPPING scroll of summoning.
  2329 | D:3      | 2329 ||| DROPPING scroll of fear.
  2445 | D:3      | 2445 ||| Stepping randomly (stuck).
  2629 | D:4      | Reached skill level 1 in Armour
  2643 | D:4      | Reached XP level 6. HP: 23/35 MP: 8/8
  2647 | D:4      | HP: 7/35 [burnt (2)]
  2649 | D:4      | HP: 2/35 [burnt (3)]
  2650 | D:4      | Incinerated by a bombardier beetle

Levels and vault maps discovered:
D:1:      dpeg_arrival_leaves_temple_mockup, layout_basic, minmay_hexomino_u4
D:2:      layout_loops_ring
D:3:      minmay_general_purpose_star, layout_loops_cross,
          kennysheep_another_room, minmay_fountain_box,
          chequers_serial_rivers_small_3
D:4:      layout_rooms, tso_metal_star, serial_aquarium,
          aquarium_bridge_long_joined [aquarium_subvault_bridge,
          aquarium_subvault_bridge, aquarium_subvault_bridge,
          aquarium_subvault_wall, aquarium_subvault_window,
          aquarium_subvault_wall], aquarium_bridge_straight
          [aquarium_subvault_bridge, aquarium_subvault_window,
          aquarium_subvault_bridge, aquarium_subvault_balcony],
          aquarium_window_1, aquarium_window_fake, aquarium_view_2g,
          aquarium_balcony_3a

Skill      XL: |  1  2  3  4  5 |
---------------+----------------+-----
Ranged Weapons | 6 7 9 |  9.2
Fighting       | 2 |  2.0
Armour         | 1 |  1.0
Dodging        | |  2.4
Stealth        | |  1.2

Action                     |  1- 3 |  4- 6 || total
---------------------------+-------+-------++-------
   Fire: Shortbow          |    82 |    98 ||   180
    Use: Scroll            |     6 |     5 ||    11
         Potion            |     1 |     1 ||     2
 Armour: Leather armour    |     9 |       ||     9
         Ring mail         |     5 |    29 ||    34
  Dodge: Dodged            |    17 |    21 ||    38

Table legend:
 A = Non-vault XP
 B = Vault XP
 C = Vault XP percentage of total XP
 D = Non-vault monster count
 E = Vault monster count
 F = Vault count percentage of total count
                 A         B        C        D         E       F
            +---------+---------+-------+---------+---------+-------
      Total |     380 |      13 |   3.3 |      63 |       6 |   8.7
            +---------+---------+-------+---------+---------+-------
        D:1 |      23 |       7 |  23.3 |      13 |       4 |  23.5
        D:2 |      47 |       0 |   0.0 |      17 |       0 |   0.0
        D:3 |     217 |       6 |   2.7 |      23 |       2 |   8.0
        D:4 |      93 |       0 |   0.0 |      10 |       0 |   0.0
            +---------+---------+-------+---------+---------+-------
